 Dungeon Crawl Stone Soup version 0.25-a0-635-g0c6c292ef3 (webtiles) character file.

Game seed: 3409976261491872157, levelgen mode: deterministic

21 Esekla the Skirmisher (level 3, 0/30 HPs)
             Began as a Formicid Abyssal Knight on Mar 20, 2020.
             Was a Follower of Lugonu.
             Slain by a scorpion (8 damage)
             ... on level 2 of the Dungeon.
             The game lasted 00:05:26 (563 turns).

Esekla the Skirmisher (Formicid Abyssal Knight)      Turns: 563, Time: 00:05:27

Health: 0/30       AC:  3    Str: 16    XL:     3   Next: 2%
Magic:  4/4        EV: 11    Int: 11    God:    Lugonu [*.....]
Gold:   30         SH:  0    Dex: 11    Spells: 2/2 levels left

rFire    . . .     SeeInvis +   l - +0 short sword (curse)
rCold    . . .     Gourm    .   (no shield)
rNeg     . . .     Faith    .   b - +0 leather armour
rPois    .         Spirit   .   (helmet unavailable)
rElec    .         Reflect  .   (no cloak)
rCorr    .         Harm     .   (no gloves)
MR       .....                  (no boots)
Stlth    +.........             (no amulet)
HPRegen  0.10/turn              (no ring)
MPRegen  0.09/turn              (no ring)

@: lethally poisoned (0 -> -3), very slightly contaminated, invisible
A: permanent stasis, dig shafts and tunnels, four strong arms, antennae 3
a: Dig, Shaft Self, Depart the Abyss, Renounce Religion


You were on level 2 of the Dungeon.
You worshipped Lugonu.
Lugonu was aware of your devotion.
You were not hungry.

You visited 1 branch of the dungeon, and saw 2 of its levels.
You visited the Abyss 1 time.

You collected 30 gold pieces.

Inventory:

Hand Weapons
 a - a +1 falchion
 l - a cursed +0 short sword (weapon)
Missiles
 h - 8 boomerangs (quivered)
Armour
 b - a +0 leather armour (worn)
 e - a +0 buckler
Scrolls
 f - 2 scrolls of immolation {unknown}
 i - a scroll of identify {unknown}
 j - 2 scrolls of teleportation {unknown}
 k - a scroll of magic mapping {unknown}
Potions
 d - a potion of invisibility
Comestibles
 c - 3 rations


   Skills:
 * Level 4.0 Fighting
 + Level 2.2 Long Blades
 + Level 2.1 Armour
 + Level 1.0 Dodging
 + Level 2.4 Invocations


You had 2 spell levels left.
You didn't know any spells.
Your spell library was empty.

Dungeon Overview and Level Annotations

Branches:
Dungeon (2/15)

Altars:
Nemelex Xobeh


Innate Abilities, Weirdness & Mutations

You cannot be hasted, slowed, berserked, paralysed or teleported.
You can dig through walls and to a lower floor.
Your four strong arms can wield two-handed weapons with a shield.
You have a pair of large antennae on your head. (SInv)


Message History

The scorpion is heavily wounded.
The scorpion stings you.
* * * LOW HITPOINT WARNING * * *
You feel sick.
Found 9 sling bullets.
You closely miss the scorpion.
The scorpion is heavily wounded.
The scorpion barely misses you.
You catch the helpless scorpion completely off-guard!
You hit the scorpion.
The scorpion is severely wounded.
The scorpion closely misses you. The frilled lizard closely misses you.
You feel sick.
You barely miss the scorpion.
The scorpion is severely wounded.
The scorpion misses you.
You closely miss the scorpion.
The scorpion is heavily wounded.
The scorpion stings you!
You die...

... ...# ### ...##.#
#..#.# #..#.######
#.........##
+....@(....#
#...s####..### .
#.##l........ .. #
#.####..## .#. .
#.####..##....#
....##..........#..#
#....<..l..##.....
#..........s......#
##.#.#######..#####


You could see a scorpion and a frilled lizard.

Vanquished Creatures
  4 goblins (D:1)
  2 hobgoblins (D:1)
  4 kobolds (D:1)
  5 bats (D:1)
  4 rats (D:1)
19 creatures vanquished.

Notes
Turn   | Place    | Note
-------+----------+-------------------------------------------
     0 | Abyss:1  | Esekla the Formicid Abyssal Knight began the quest for the
                  | Orb.
     0 | Abyss:1  | Reached XP level 1. HP: 18/18 MP: 2/2
    35 | Abyss:1  | Noticed a quasit
    68 | Abyss:2  | Noticed a ynoxinul
    87 | D:1      | Escaped the Abyss
    88 | D:1      | Found a sparkling altar of Nemelex Xobeh.
   104 | D:1      | Reached * piety under Lugonu
   235 | D:1      | Reached XP level 2. HP: 21/24 MP: 3/3
   276 | D:1      | Reached skill level 1 in Dodging
   329 | D:1      | Reached skill level 4 in Fighting
   485 | D:1      | Reached XP level 3. HP: 29/30 MP: 4/4
   522 | D:2      | Noticed a scorpion
   563 | D:2      | Slain by a scorpion

Levels and vault maps discovered:
D:1:      sevenhm_arrival_forest_fort_small_6, layout_rooms
D:2:      layout_loops_ring, lemuel_doored_altar,
          gammafunk_temple_overflow_wave, lemuel_crystal_altar,
          makhleb_heckhound_becter

Skill      XL: |  1  2 |
---------------+-------+-----
Dodging        | 1 |  1.0
Fighting       | 4 |  4.0
Long Blades    | |  2.2
Armour         | |  2.1
Invocations    | |  2.4

Action                   || total
-------------------------++-------
Melee: Falchion          ||    55
       Short sword       ||    19
Throw: Boomerang         ||     1
Invok: Depart the Abyss  ||     1
  Use: Scroll            ||     1
       Potion            ||     2
 Stab: Invisible         ||     2
Armor: Leather armour    ||    18
Dodge: Dodged            ||    50
       Rpst.: Falchion   ||    11

Table legend:
 A = Non-vault XP
 B = Vault XP
 C = Vault XP percentage of total XP
 D = Non-vault monster count
 E = Vault monster count
 F = Vault count percentage of total count
                 A         B        C        D         E       F
            +---------+---------+-------+---------+---------+-------
      Total |      30 |       0 |   0.0 |      19 |       0 |   0.0
            +---------+---------+-------+---------+---------+-------
        D:1 |      30 |       0 |   0.0 |      19 |       0 |   0.0
            +---------+---------+-------+---------+---------+-------
